Map: Deathaura LE

Players

Slay

  • Race: Terran Terran
  • League: Gold
  • Spawn Location: 5:00

ViBE - Winner!

  • Race: Terran Terran
  • League: Gold
  • Spawn Location: 11:00

VOD

Have the link to the VOD?

Description

Time

  • Played on: March 21, 2021, 8:49 p.m.
  • Length: 18:04
Show
View Real Time Build Order
Export as new Build Order

Slay Terran 

Build Orders:  

Get SALT Encoding   

  12  0:01  SCV  
  13  0:15  SCV  
  13  0:18  Supply Depot  
  14  0:27  SCV  
  15  0:40  SCV  
  15  0:41  Barracks  
  16  1:00  SCV  
  17  1:13  SCV  
  18  1:26  SCV  
  18  1:29  Marine  
  20  1:36  Supply Depot  
  20  1:39  Orbital Command  
  20  1:43  Refinery  
  20  1:46  Marine  
  21  2:06  Command Center  
  21  2:10  Bunker  
  21  2:11  SCV  
  21  2:15  Marine  
  23  2:23  SCV  
  24  2:31  Barracks  
  24  2:32  Marine  
  24  2:35  SCV  
  26  2:38  Refinery  
  26  2:43  Supply Depot  
  26  2:47  SCV  
  26  2:50  Marine  
  28  2:59  Engineering Bay  
  28  3:04  Factory  
  28  3:08  SCV  
  29  3:20  Barracks Tech Lab, SCV  
  29  3:21  Barracks Reactor  
  30  3:29  Supply Depot  
  30  3:31  Bunker  
  30  3:32  Orbital Command  
  30  3:38  SCV  
  31  3:44  Terran Infantry Weapons Level 1  
  31  3:50  Factory Tech Lab  
  31  3:51  SCV  
  32  4:03  SCV  
  32  4:09  SCV  
  34  4:15  SCV  
  34  4:16  Marauder, Marine x2  
  39  4:19  Siege Tank  
  39  4:21  SCV  
  43  4:27  SCV  
  43  4:29  Refinery  
  44  4:32  Refinery  
  44  4:33  SCV  
  44  4:37  Marauder, Marine x2  
  49  4:39  SCV  
  49  4:45  Engineering Bay  
  50  4:51  Siege Tank  
  53  4:54  Marine  
  53  4:55  Marine  
  53  4:57  Supply Depot  
  53  4:58  SCV x2, Marine  
  58  5:10  SCV x2  
  58  5:14  Stimpack  
  60  5:16  Marine  
  60  5:18  Terran Infantry Armor Level 1  
  60  5:19  Supply Depot  
  60  5:20  Armory  
  61  5:22  SCV x2  
  63  5:34  SCV x2  
  65  5:46  SCV x2  
  65  5:48  Command Center  
  70  5:50  Siege Tank  
  70  5:56  Starport  
  70  5:58  Supply Depot  
  70  6:01  SCV x2  
  72  6:20  Supply Depot  
  72  6:21  Terran Infantry Weapons Level 2  
  72  6:29  Command Center  
  72  6:43  Supply Depot  
  72  6:53  SCV x2  
  74  6:57  Marauder, Marine x2  
  78  7:05  SCV x2  
  78  7:06  Barracks  
  80  7:12  Supply Depot  
  80  7:15  Starport Tech Lab, Marine x2  
  82  7:17  SCV x2, Fusion Core  
  82  7:19  Marauder  
  86  7:23  Orbital Command  
  86  7:30  Starport  
  86  7:32  Marine  
  86  7:33  Terran Vehicle And Ship Armor Level 1, Marine  
  88  7:39  SCV  
  88  7:40  SCV, Marauder  
  92  7:45  Orbital Command  
  92  7:51  SCV  
  92  7:52  SCV  
  93  8:01  Marauder  
  93  8:04  SCV x2  
  74  8:23  Marauder  
  69  8:36  Marine x2  
  69  8:39  Siege Tank  
  74  8:42  SCV  
  74  8:44  Marauder  
  77  8:54  Marine  
  78  8:56  Terran Infantry Armor Level 2  
  78  9:04  SCV x2  
  78  9:05  SCV  
  78  9:06  Marauder  
  83  9:11  Siege Tank  
  83  9:13  Barracks Reactor  
  83  9:14  Marine x2  
  83  9:16  SCV  
  83  9:17  SCV  
  90  9:18  Starport Reactor  
  90  9:21  Armory  
  90  9:25  Refinery  
  90  9:26  Refinery, SCV  
  90  9:27  Marauder  
  90  9:29  SCV x2  
  95  9:32  Marine x2  
  95  9:38  SCV x2  
  99  9:41  SCV x2  
  99  9:45  Battlecruiser  
  107  9:48  Marauder  
  107  9:49  Marine  
  107  9:50  SCV x2, Marine  
  113  9:53  SCV  
  114  10:00  Supply Depot  
  114  10:02  Supply Depot  
  114  10:07  Marine  
  114  10:08  Refinery, Marine  
  114  10:10  Marauder  
  118  10:16  Medivac x2  
  122  10:23  Supply Depot  
  122  10:24  Marine x2, Supply Depot  
  122  10:25  Marine x2  
  126  10:31  Marauder  
  126  10:32  Siege Tank  
  131  10:41  Barracks  
  131  10:42  Marine x2  
  133  10:43  Marine x2  
  133  10:44  Supply Depot  
  133  10:49  Battlecruiser  
  141  10:50  Medivac  
  141  10:52  Marauder  
  145  11:04  Marine x4, Siege Tank  
  145  11:06  Supply Depot  
  152  11:14  Marauder  
  152  11:17  Orbital Command, Medivac  
  156  11:20  Medivac  
  156  11:22  Marine x4  
  152  11:29  Supply Depot  
  136  11:35  Marauder  
  136  11:37  Siege Tank  
  131  11:40  Marine x4  
  135  11:56  Marine  
  135  11:57  Marine  
  135  11:58  Marine x3  
  140  12:09  Siege Tank  
  140  12:14  Marine  
  140  12:15  Marine  
  144  12:16  Marine x3  
  144  12:20  Command Center  
  148  12:30  Command Center  
  148  12:32  Marauder  
  148  12:33  Marine x2, Supply Depot  
  148  12:35  Refinery  
  148  12:36  Supply Depot  
  152  12:41  Marine x2, Siege Tank  
  157  12:48  Terran Infantry Weapons Level 3, Terran Infantry Armor Level 3  
  157  12:51  Marine x2  
  157  12:54  Marauder  
  157  12:55  Supply Depot  
  161  12:59  Marine  
  161  13:00  Supply Depot  
  162  13:15  Marauder  
  162  13:16  Battlecruiser  
  170  13:31  Refinery  
  170  13:35  Marine  
  170  13:36  Marauder, Marine x3  
  170  13:39  Barracks  
  176  13:45  Barracks Reactor  
  176  13:50  Starport  
  176  13:53  Marine  
  176  13:54  Marine x3  
  179  13:58  Marauder  
  176  14:11  Marine  
  176  14:12  Marine x3  
  148  14:19  Marine  
  141  14:29  Weapon Refit, Marine x4  
  145  14:31  Starport Tech Lab  
  145  14:33  Battlecruiser  
  145  14:34  Marine  
  145  14:35  Marine  
  145  14:36  Marine  
  154  14:47  Marine x4  
  154  14:52  Marine  
  158  14:53  Marine  
  158  14:54  Marine  
  161  15:04  Marine  
  161  15:05  Marine x3  
  165  15:10  Marine  
  165  15:11  Marine  
  165  15:12  Marine  
  168  15:22  Marine  
  168  15:23  Marine x3  
  168  15:28  Marine x2  
  173  15:30  Marine  
  175  15:40  Marine  
  175  15:41  Marine x3  
  179  15:46  Marine  
  179  15:48  Marauder  
  170  16:03  Marine x4  
  170  16:04  Marine x2  
  175  16:10  Marauder  
  135  16:21  Marine x3  
  127  16:29  Marine x3  
  127  16:31  Marauder  
  132  16:33  Siege Tank  
  132  16:35  Battlecruiser  
  132  16:38  Marine  
  132  16:39  Marine x2  
  144  16:47  Marine x3  
  143  16:52  Marauder  
  148  16:56  Marine x2  
  148  16:57  Marine  
  151  17:04  Marine  
  151  17:05  Marine x2, Siege Tank  
  157  17:14  Marauder, Marine x3  
  159  17:22  Marine x3  
  154  17:32  Marine x3  
  154  17:35  Marauder  
  112  17:40  Marine x3  
Show
View Real Time Build Order
Export as new Build Order

ViBE Terran - Winner!

Build Orders:  

Get SALT Encoding   

  12  0:00  SCV  
  13  0:13  Supply Depot  
  13  0:18  SCV  
  14  0:30  SCV  
  15  0:37  Barracks  
  16  0:42  SCV  
  16  0:45  Refinery  
  16  0:55  SCV  
  17  1:10  SCV  
  18  1:26  Orbital Command, Marine  
  19  1:43  Command Center  
  19  1:47  Marine  
  19  1:51  SCV  
  21  1:59  Supply Depot  
  21  2:06  Marine  
  21  2:08  SCV  
  22  2:20  SCV  
  23  2:28  Factory  
  23  2:32  Barracks Reactor, SCV  
  24  2:45  SCV  
  25  2:56  Orbital Command  
  25  2:57  SCV  
  26  3:09  SCV, Marine x2  
  29  3:14  Factory Tech Lab, Barracks  
  29  3:20  Refinery  
  29  3:21  SCV  
  29  3:22  SCV  
  29  3:27  Marine x2  
  31  3:34  SCV x2  
  34  3:35  Siege Tank  
  34  3:40  Supply Depot  
  38  3:44  Marine x2  
  40  3:53  SCV x2  
  42  4:02  Barracks Tech Lab  
  42  4:05  SCV x2  
  42  4:06  Starport  
  42  4:07  Supply Depot  
  44  4:14  Marine  
  44  4:15  Marine, Siege Tank  
  49  4:17  SCV x2  
  51  4:25  Supply Depot  
  51  4:27  Stimpack  
  51  4:29  SCV x2  
  53  4:41  SCV x2  
  53  4:44  Command Center  
  55  4:46  Starport Reactor  
  55  4:48  Marine x3  
  55  4:52  Supply Depot  
  58  4:54  SCV x2  
  60  5:00  Siege Tank  
  63  5:08  SCV x2  
  63  5:09  Marine x3  
  68  5:14  Refinery  
  68  5:16  Refinery  
  68  5:20  SCV x2  
  70  5:29  Marine  
  70  5:30  Marine x2  
  73  5:41  SCV  
  73  5:42  SCV  
  75  5:48  Medivac  
  75  5:49  Marine  
  78  5:55  Marine x2, Medivac  
  82  5:59  Command Center  
  82  6:02  SCV x2  
  84  6:07  Marine  
  84  6:09  Engineering Bay  
  84  6:10  Engineering Bay  
  85  6:13  Marine x2  
  87  6:20  Combat Shield  
  87  6:24  Marine  
  88  6:31  Marine x2  
  90  6:36  Terran Infantry Weapons Level 1  
  90  6:37  Terran Infantry Armor Level 1  
  90  6:41  SCV x2, Orbital Command  
  90  6:42  Marine  
  93  7:10  Supply Depot  
  93  7:11  SCV x2, Marine x3, Medivac x2, Supply Depot x2  
  102  7:19  Command Center  
  102  7:25  Armory  
  102  7:28  Marine  
  103  7:34  SCV x3  
  106  7:42  Marine x2  
  108  7:49  Barracks  
  108  7:51  Barracks x2  
  108  7:52  Barracks x2  
  108  7:59  SCV x3  
  108  8:05  Marine x3  
  113  8:11  SCV x3, Thor  
  113  8:13  Terran Vehicle Weapons Level 1  
  113  8:22  Marine  
  113  8:23  SCV x3  
  113  8:26  Refinery x2  
  113  8:29  Marine x2  
  113  8:31  SCV x2  
  113  8:32  Terran Infantry Armor Level 2, Terran Infantry Weapons Level 2  
  111  8:37  Supply Depot x2  
  111  8:40  Marine  
  112  8:43  Planetary Fortress  
  112  8:45  SCV x3  
  112  8:47  Marine x2  
  118  8:49  Barracks Reactor x5  
  117  8:58  Marine  
  118  9:04  Marine  
  119  9:11  Marine  
  119  9:14  Thor  
  119  9:16  Marine  
  127  9:18  Medivac x2  
  127  9:19  SCV x2  
  127  9:20  SCV  
  127  9:22  Marine, Command Center  
  135  9:25  Supply Depot x3  
  135  9:26  SCV  
  135  9:30  Marine x11  
  147  9:31  SCV x2  
  147  9:32  SCV  
  147  9:38  SCV  
  151  9:43  SCV  
  152  9:46  Planetary Fortress  
  152  9:50  Marine x13  
  165  9:56  Medivac x2  
  169  10:01  SCV x3  
  169  10:02  SCV  
  173  10:10  Terran Vehicle Weapons Level 2, Marine  
  173  10:11  Marine x12  
  173  10:13  SCV  
  187  10:18  SCV x2, Thor  
  195  10:28  Marine  
  196  10:48  Barracks  
  196  10:51  Barracks x2, Planetary Fortress  
  196  10:53  Barracks x2  
  196  10:54  Barracks  
  196  10:56  Barracks  
  196  10:57  Starport, Barracks  
  196  10:58  Factory  
  196  11:00  Barracks  
  196  11:01  Barracks  
  196  11:03  Barracks  
  196  11:04  Barracks  
  196  11:22  Terran Infantry Weapons Level 3, Terran Infantry Armor Level 3  
  120  11:42  Barracks Tech Lab x4  
  120  11:44  Starport Reactor  
  120  11:45  Factory Tech Lab  
  120  11:46  Barracks Reactor x5  
  112  11:48  Barracks Reactor  
  112  11:50  Barracks Reactor  
  112  11:51  Barracks Reactor  
  112  11:52  Marauder, Marine x8  
  112  11:53  Marine x4  
  112  11:54  Medivac x2, Thor  
  118  12:10  Command Center  
  118  12:16  Marauder  
  118  12:17  Marauder x2, Marine  
  118  12:18  Marauder x2, Marine x11  
  118  12:19  Thor  
  118  12:22  Medivac x2  
  150  12:23  Marine, Command Center  
  150  12:24  Marine x11  
  162  12:30  Marine x4  
  162  12:35  Marine  
  162  12:36  Marine x11, Thor  
  184  12:38  Marauder x3, Marine  
  184  12:39  Marine  
  184  12:41  Marine  
  184  12:42  Marine  
  194  12:45  Terran Vehicle Weapons Level 3  
  194  12:49  Marine  
  194  12:50  Marine x4  
  194  12:51  Marine  
  200  13:20  Command Center x2  
  200  13:22  Command Center  
  200  13:30  Command Center  
  200  13:32  Command Center  
  200  13:34  Command Center  
  200  13:37  Planetary Fortress  
  200  13:38  Planetary Fortress  
  200  13:56  Smart Servos  
  200  13:59  Neosteel Armor, Hi-Sec Auto Tracking  
  192  14:12  Marauder x5, Marine x14  
  192  14:13  Marine x5  
  192  14:14  Marine x9  
  192  14:16  Thor x2  
  195  14:17  Medivac x2  
  195  14:18  Medivac  
  195  14:20  Medivac  
  166  14:29  Marine  
  166  14:30  Marine x15  
  180  14:31  Marine x7  
  180  14:32  Marine x2  
  180  14:33  Marauder x5, Marine  
  200  14:39  Orbital Command x3  
  200  14:41  Orbital Command  
  200  14:44  Orbital Command  
  200  14:46  Orbital Command  
  194  15:01  Marine x3  
  194  15:02  Marine x3  
  196  15:15  Missile Turret  
  196  15:18  Missile Turret  
  196  15:19  Missile Turret  
  194  15:25  SCV x10  
  198  15:30  Missile Turret  
  198  15:37  Missile Turret  
  196  15:44  Missile Turret  
  196  15:45  SCV x2  
  196  15:48  Marine x3  
  196  15:49  Marine x2  
  200  16:10  Barracks Reactor  
  191  16:14  Marauder x5, Marine x18  
  191  16:15  Marine x5  
  191  16:16  Thor x2  
  191  16:18  Medivac x4  
  200  16:19  Marine x3  
  175  16:32  Marine x11  
  183  16:35  Marauder x3  
  188  16:42  Marauder x2, Marine x14  
  188  16:44  Marine  
  192  16:50  Command Center  
  192  16:53  Missile Turret  
  192  16:56  Marauder  
  192  16:57  Marauder x2  
  193  17:03  Marauder x2  
  195  17:12  Marine  
  195  17:13  Marine x4  
Tags
 
League
GoldGold
Matchup
TvT
Player
ViBE
Race
Terran
Replay Pack
Gold_League
Spawn Locations
Cross Positions
Add a new tag
Caveats
  • Supply blocks, unpowered buildings, or Contaminate may cause inaccurate times.
  • Supply counts are checked every 10 seconds.